 Dungeon Crawl Stone Soup version 0.27-a0-262-gc50aac273e (webtiles) character file.

Game seed: 1589479439259904073

1820 Froggeryz the Cleaver (level 8, -1/76 HPs)
             Began as a Deep Dwarf Fighter on Feb 4, 2021.
             Was an Initiate of Makhleb.
             Slain by a wyvern zombie (7 damage)
             ... on level 7 of the Dungeon.
             The game lasted 00:06:38 (3900 turns).

Froggeryz the Cleaver (Deep Dwarf Fighter)          Turns: 3900, Time: 00:06:39

Health: -1/76      AC: 12    Str: 21    XL:     8   Next: 85%
Magic:  4/4        EV:  5    Int: 10    God:    Makhleb [......]
Gold:   92         SH:  9    Dex: 12    Spells: 7/7 levels left

rFire    + . .     SeeInvis +   m - +2 hand axe (flame)
rCold    . . .     Faith    .   c - +0 kite shield
rNeg     . . .     Spirit   .   n - +0 chain mail
rPois    .         Reflect  .   (no helmet)
rElec    .         Harm     .   (no cloak)
rCorr    .         Rampage  .   (no gloves)
Will     +....                  l - +2 pair of boots
Stlth    ..........             v - amulet of the acrobat
HPRegen  0.00/turn              M - ring of protection from fire
MPRegen  0.09/turn              u - ring of see invisible

@: non-regenerating
A: damage resistance, heal wounds, sense surroundings 1, no regeneration
a: Heal Wounds, Renounce Religion


You were on level 7 of the Dungeon.
You worshipped Makhleb.
Makhleb was noncommittal.
You visited 2 branches of the dungeon, and saw 8 of its levels.

You collected 442 gold pieces.
You spent 350 gold pieces at shops.

Inventory:

Hand Weapons
 a - a +0 war axe
 m - a +2 hand axe of flaming (weapon)
 G - a +2 hand axe of venom
Missiles
 F - 19 poisoned darts (quivered)
Armour
 c - a +0 kite shield (worn)
 l - a +2 pair of boots (worn)
 n - a +0 chain mail (worn)
Jewellery
 j - an uncursed ring of flight
 u - a ring of see invisible (right hand)
 v - an amulet of the acrobat (around neck)
 M - a ring of protection from fire (left hand)
Wands
 y - a wand of random effects (10)
 D - a wand of polymorph (10)
 K - a wand of paralysis (24)
 L - a wand of iceblast (9)
Scrolls
 e - 4 scrolls of magic mapping {unknown}
 h - 4 scrolls of teleportation {unknown}
 i - 3 scrolls of enchant weapon {unknown}
 k - 4 scrolls of fog {unknown}
 p - a scroll of noise {unknown}
 q - 5 scrolls of identify {unknown}
 r - 2 scrolls of amnesia {unknown}
 s - a scroll of fear {unknown}
 w - 4 scrolls of remove curse {unknown}
 C - a scroll of random uselessness {unknown}
 H - a scroll of immolation {unknown}
 I - a scroll of enchant armour {unknown}
Potions
 b - a potion of heal wounds {unknown}
 d - 2 potions of might
 f - 9 potions of curing {unknown}
 g - 2 potions of mutation {unknown}
 o - 2 potions of berserk rage {unknown}
 t - a potion of attraction {unknown}
 x - 2 potions of ambrosia {unknown}
 z - a potion of haste {unknown}
 A - 2 potions of resistance {unknown}
 B - 2 potions of degeneration {unknown}
 E - a potion of lignification {unknown}
 J - 2 potions of flight {unknown}


   Skills:
 + Level 5.7 Fighting
 * Level 11.1 Axes
 - Level 3.2 Armour
 - Level 3.2 Shields


You had 7 spell levels left.
You didn't know any spells.
Your spell library was empty.

Dungeon Overview and Level Annotations

Branches:
Dungeon (7/15)             Temple (1/1) D:6

Altars:
Ashenzari
Dithmenos
Fedhas
Gozag
Hepliaklqana
Kikubaaqudgha
Makhleb
Nemelex Xobeh
Okawaru
Qazlal
Sif Muna
Trog
Uskayaw
Xom
Yredelemnul
Zin
The Shining One

Shops:
D:7 =


Innate Abilities, Weirdness & Mutations

You are resistant to damage.
You can heal yourself by infusing magical energy.
You passively map a small area around you.
You do not regenerate.


Message History

You hit the wyvern zombie but do no damage.
The wyvern zombie is lightly damaged.
You block the wyvern zombie's attack. The wyvern zombie bites you!
* * * LOW HITPOINT WARNING * * *
You hit the wyvern zombie. You burn the wyvern zombie.
The wyvern zombie is lightly damaged.
The wyvern zombie bites you!
* * * LOW HITPOINT WARNING * * *
You slash the wyvern zombie! You burn the wyvern zombie.
The wyvern zombie is moderately damaged.
The wyvern zombie barely misses you.
You slash the wyvern zombie! You burn the wyvern zombie.
The wyvern zombie is heavily damaged.
The wyvern zombie barely misses you.
You hit the wyvern zombie. You burn the wyvern zombie.
The wyvern zombie is severely damaged.
The wyvern zombie bites you!
* * * LOW HITPOINT WARNING * * *
The wyvern zombie bites you!
You die...

#...# ##..# *
#.># , ##.###
* #####...## *
#####........#
,
#............#
*
#............#
#..@Z........#
#.?....####.##
#......# *...
#..)...# *####
########


You could see a wyvern zombie.

Vanquished Creatures
  2 ice beasts (D:5)
  A black bear (D:7)
  A necrophage (D:6)
  A sky beast (D:6)
  A centaur (D:6)
  An ogre (D:5)
  The ghost of VeinyPole the Poker, an amateur OpBe of Trog (D:3)
  A phantom (D:5)
  Blork the orc (D:5)
  3 scorpions (D:5)
  3 wights (D:6)
  A howler monkey (D:5)
  2 hounds
  2 orc priests (D:5)
  A centaur skeleton (D:5)
  6 orc wizards
  4 worker ants
  A hound skeleton (D:7)
  6 gnolls
  10 adders
  2 white imps
  3 oozes
  An ufetubus (D:7)
  An adder zombie (D:5)
  An adder skeleton (D:5)
  2 worms
  A dart slug (D:1)
  2 leopard geckos (D:1)
  7 orcs
  4 giant cockroaches
  7 goblins
  4 hobgoblins
  14 jackals
  3 bats (D:1)
  8 frilled lizards
  6 kobolds
  A leopard gecko skeleton (D:4)
  8 rats
124 creatures vanquished.

Vanquished Creatures (others)
  2 plants (D:6)
2 creatures vanquished.

Grand Total: 126 creatures vanquished

Notes
Turn   | Place    | Note
-------+----------+-------------------------------------------
     0 | D:1      | Froggeryz the Deep Dwarf Fighter began the quest for the
                  | Orb.
     0 | D:1      | Reached XP level 1. HP: 20/20 MP: 1/1
    99 | D:1      | Reached skill level 3 in Axes
   103 | D:1      | Reached XP level 2. HP: 24/27 MP: 2/2
   736 | D:2      | Reached XP level 3. HP: 24/33 MP: 3/3
   896 | D:2      | Reached skill level 4 in Axes
  1272 | D:2      | Reached XP level 4. HP: 28/40 MP: 4/4
  1495 | D:3      | Reached skill level 5 in Axes
  1603 | D:3      | Found a runed translucent door.
  1603 | D:3      | Noticed VeinyPole's ghost (amateur OpBe)
  2087 | D:3      | Reached XP level 5. HP: 33/46 MP: 5/5
  2092 | D:3      | Killed VeinyPole's ghost
  2093 | D:3      | Reached skill level 6 in Axes
  2171 | D:4      | Reached skill level 7 in Axes
  2213 | D:4      | Reached XP level 6. HP: 33/55 MP: 6/6
  2447 | D:5      | Entered Level 5 of the Dungeon
  2572 | D:5      | Reached skill level 8 in Axes
  2590 | D:5      | Reached XP level 7. HP: 43/62 MP: 6/6
  2712 | D:5      | Reached skill level 9 in Axes
  2774 | D:5      | Noticed Blork the orc
  2785 | D:5      | Killed Blork the orc
  2838 | D:5      | Reached XP level 8. HP: 35/73 MP: 4/4
  3259 | D:6      | Found a staircase to the Ecumenical Temple.
  3268 | Temple   | Entered the Ecumenical Temple
  3288 | Temple   | Became a worshipper of Makhleb the Destroyer
  3312 | D:6      | Reached skill level 10 in Axes
  3363 | D:6      | Reached skill level 5 in Fighting
  3787 | D:7      | Reached skill level 11 in Axes
  3819 | D:7      | Found Zevaoll's Jewellery Shoppe.
  3830 | D:7      | Bought an uncursed ring of protection from fire for 350
                  | gold pieces
  3900 | D:7      | Slain by a wyvern zombie

Illustrated notes

Levels and vault maps discovered:
D:1:      minmay_arrival_four_loops, layout_basic, serial_glass,
          glass_columns_c, glass_columns_a, minmay_tetromino_l4
D:2:      layout_loops_ring
D:3:      layout_basic, ebering_ghost_sewer_d
D:4:      layout_gridville
D:5:      layout_loops_ring, mumra_transporter_accident, uniq_blork_the_orc
D:6:      layout_basic, minmay_temple_entry_gardened_gates
D:7:      layout_basic, lightli_ossuary_entry_decrepit_ruins, serial_shops,
          nicolae_shop_waterfront, solitary_fountain
Temple:   dpeg_three_leaves_temple

Skill      XL: |  1  2  3  4  5  6  7  8 |
---------------+-------------------------+-----
Axes           | 3 4 5 7 8 9 11 | 11.1
Fighting       | 3 4 5 |  5.7
Armour         | |  3.2
Shields        | |  3.2

Action                   |  1- 3 |  4- 6 |  7- 9 || total
-------------------------+-------+-------+-------++-------
Melee: War axe           |    44 |       |       ||    44
       Hand axe          |    64 |   131 |   203 ||   398
Throw: Dart              |       |       |     7 ||     7
 Abil: Heal Wounds       |       |     2 |     5 ||     7
Evoke: Wand              |       |       |     1 ||     1
Armor: Scale mail        |    26 |       |       ||    26
       Chain mail        |    38 |    80 |    85 ||   203
Dodge: Dodged            |    25 |    25 |    36 ||    86
Block: Kite shield       |    65 |    66 |    71 ||   202

Table legend: (Time is in decaauts)
 A = Elapsed time spent in this place.
 B = Non-inter-level travel time spent in this place.
 C = Inter-level travel time spent in this place.
 D = Time resting spent in this place.
 E = Time spent auto-exploring this place.
 F = Levels seen in this place.
 G = Mean time per level.
                   A        B        C        D        E       F      G
               +--------+--------+--------+--------+--------+-----+--------+
         Total |   3984 |   3799 |    185 |      0 |   2760 |   8 |  498.0 |
       Dungeon |   3955 |   3778 |    177 |      0 |   2760 |   7 |  565.0 |
        Temple |     29 |     21 |      8 |      0 |      0 |   1 |   29.0 |
               +--------+--------+--------+--------+--------+-----+--------+

Top non-repeatable levels by time:
     D:5: 829 daAuts
     D:1: 764 daAuts
     D:3: 756 daAuts
     D:2: 659 daAuts
     D:6: 467 daAuts
     D:4: 336 daAuts
     D:7: 140 daAuts
  Temple: 29 daAuts
